 Dungeon Sprint DCSS version 0.27-a0-1245-g940ed4fa31 (webtiles) character file.

Game seed: 5805297554634396402

1540 mhtbhm the Black Belt (level 8, -2/68 HPs)
             Began as a Merfolk Transmuter on June 9, 2021.
             Was a Believer of Sif Muna.
             Killed by mirror damage (8 damage)
             ... in the Dungeon (Sprint IX: "|||||||||||||||||||||||||||||").
             The game lasted 00:02:29 (687 turns).

mhtbhm the Black Belt (Merfolk Transmuter)           Turns: 687, Time: 00:02:30

Health: -2/68      AC:  7    Str: 15    XL:     8   Next: 86%
Magic:  11/19      EV: 14    Int: 15    God:    Sif Muna [**....]
Gold:   0          SH:  0    Dex: 15    Spells: 11/21 levels left

rFire    x . .     SeeInvis .     - Unarmed
rCold    + + +     Faith    .   (shield currently unavailable)
rNeg     . . .     Spirit   .   (armour currently unavailable)
rPois    +         Reflect  .   (helmet currently unavailable)
rElec    .         Harm     .   (cloak currently unavailable)
rCorr    .         Rampage  .   (gloves currently unavailable)
Will     .....     NoTele   +   (boots currently unavailable)
Stlth    +.........             (no amulet)
HPRegen  0.21/turn              l - +3 ring of strength
MPRegen  0.16/turn              m - +3 ring of intelligence

@: ice-form, wereblooded
A: freezing attack, boosted hp, large, (nimble swimmer 2), (mertail)
a: End Transformation, Renounce Religion, Channel Magic


You were in the Dungeon.
You worshipped Sif Muna.
Sif Muna was pleased with you.
You were a creature of crystalline ice.
You visited 1 branch

Inventory:

Armour
 a - a +0 robe (melded)
 j - a +0 helmet (melded)
 k - a +0 pair of boots (melded)
Jewellery
 l - a +3 ring of strength (left front paw)
 m - a +3 ring of intelligence (right front paw)
Wands
 i - a wand of iceblast (9)
Scrolls
 g - 2 scrolls of amnesia
 h - a scroll of blinking
Potions
 b - a potion of invisibility
 c - 4 potions of curing
 e - a potion of haste
 f - 4 potions of magic


   Skills:
 + Level 2.7 Fighting
 + Level 8.8 Dodging
 + Level 15.0 Unarmed Combat
 + Level 7.4 Spellcasting
 + Level 10.6 Transmutations
 + Level 1.2 Poison Magic


You had 11 spell levels left.
You knew the following spells:

 Your Spells              Type           Power      Damage    Failure   Level
a - Beastly Appendage     Tmut           74%        N/A       1%          1
b - Wereblood             Tmut           37%        N/A       1%          2
c - Spider Form           Tmut/Pois      11%        N/A       3%          3
d - Ice Form              Ice/Tmut       21%        N/A       14%         4

Your spell library contained the following spells:

 Spells                   Type           Power      Damage    Failure   Level


Dungeon Overview and Level Annotations

Branches:
Dungeon (1/1)

Altars:
Cheibriados
Dithmenos
Elyvilon
Fedhas
Gozag
Hepliaklqana
Kikubaaqudgha
Makhleb
Nemelex Xobeh
Okawaru
Qazlal
Ru
Sif Muna
Trog
Uskayaw
Vehumet
Wu Jian
Xom
Yredelemnul
Zin
The Shining One
Beogh
Jiyva
Lugonu


Innate Abilities, Weirdness & Mutations

You are a creature of crystalline ice.
You have a powerful freezing melee attack.
Your maximum health is increased.
Your armour is entirely melded.
You are incapable of wielding weapons or throwing items.
((You are quick and stealthy near water. (Stealth+, EV+, Speed+++)))
((Your lower body shifts to a powerful aquatic tail in water.))


Message History

The death knight is severely wounded.
Unknown command.
Press < or > to pray at altars.
Unknown command.
Press < or > to pray at altars.
You feel much better. The death knight misses you.
You hit the death knight but do no damage.
The death knight is severely wounded.
The death knight hits you with a +0 battleaxe!!
* * * LOW HITPOINT WARNING * * *
Unknown command.
Press < or > to pray at altars.
You hit the death knight. You freeze the death knight.
The death knight is severely wounded.
The death knight reflects your damage back at you!
* * * LOW HITPOINT WARNING * * *
The death knight hits you with a +0 battleaxe.
* * * LOW HITPOINT WARNING * * *
Unknown command.
Press < or > to pray at altars.
Unknown command.
Press < or > to pray at altars.
Unknown command.
Press < or > to pray at altars.
The death knight invokes the aid of Yredelemnul against you.
Your body is wracked with pain!
* * * LOW HITPOINT WARNING * * *
There is a glowing silver altar of Zin here.
There is a basalt altar of Yredelemnul here.
Okay, then.
Okay, then.
Aiming: Iceblast
Press: ? - help, Shift-Dir - straight line, f - death knight
Aim: a death knight, wielding a +0 battleaxe and wearing a +0 chain mail (severely wounded, reflecting injuries)
The mass of ice explodes!
The iceblast engulfs the death knight!
The death knight is almost dead.
The iceblast engulfs the two-headed ogre!
The two-headed ogre is moderately wounded.
The death knight reflects your damage back at you!
You die...

▓.▓
▓.▓
▓T▓
▓H▓
▓.▓
▓O▓
▓p▓
▓_▓
▓Y▓
▓_▓
▓_▓
▓_▓
▓_▓
▓_▓
▓_▓
▓_▓
▓_▓


You could see a death knight (reflects damage), a two-headed ogre, a manticore
and a troll.

Vanquished Creatures
  A centaur warrior (D)
  A troll (D)
  A shadow (D)
  2 yaks (D)
  2 centaurs (D)
  A jelly (D)
  An orc priest (D)
  2 adder zombies (D)
  An orc (D)
  2 goblins (D)
  A jackal (D)
  A kobold (D)
  2 rats (D)
18 creatures vanquished.

Notes
Turn   | Place    | Note
-------+----------+-------------------------------------------
     0 | D        | mhtbhm the Merfolk Transmuter began the quest for the Orb.
     0 | D        | Reached XP level 1. HP: 15/15 MP: 3/3
    12 | D        | Reached skill level 4 in Unarmed Combat
   229 | D        | Noticed a jelly
   229 | D        | Noticed a centaur
   236 | D        | Reached XP level 2. HP: 21/21 MP: 3/5
   239 | D        | Killed a centaur
   240 | D        | Reached skill level 7 in Unarmed Combat
   240 | D        | Reached skill level 5 in Transmutations
   240 | D        | Reached XP level 3. HP: 26/26 MP: 4/8
   240 | D        | Reached XP level 4. HP: 32/32 MP: 4/9
   243 | D        | Reached skill level 5 in Dodging
   243 | D        | Reached skill level 8 in Unarmed Combat
   243 | D        | Reached XP level 5. HP: 37/37 MP: 4/11
   337 | D        | Learned a level 2 spell: Wereblood
   341 | D        | Learned a level 3 spell: Spider Form
   346 | D        | Learned a level 4 spell: Ice Form
   349 | D        | Found a snail-covered altar of Cheibriados.
   349 | D        | Found a shadowy altar of Dithmenos.
   349 | D        | Found a white marble altar of Elyvilon.
   349 | D        | Found a blossoming altar of Fedhas.
   349 | D        | Found an opulent altar of Gozag.
   350 | D        | Found a hazy altar of Hepliaklqana.
   351 | D        | Found a viscous altar of Jiyva.
   352 | D        | Found an ancient bone altar of Kikubaaqudgha.
   353 | D        | Found a corrupted altar of Lugonu.
   354 | D        | Found a burning altar of Makhleb.
   355 | D        | Found a sparkling altar of Nemelex Xobeh.
   356 | D        | Found an iron altar of Okawaru.
   357 | D        | Found a stormy altar of Qazlal.
   358 | D        | Found a sacrificial altar of Ru.
   359 | D        | Found a shimmering blue altar of Sif Muna.
   360 | D        | Found a bloodstained altar of Trog.
   361 | D        | Found a hide-covered altar of Uskayaw.
   362 | D        | Found a radiant altar of Vehumet.
   363 | D        | Found an ornate altar of the Wu Jian Council.
   364 | D        | Found a shimmering altar of Xom.
   365 | D        | Found a basalt altar of Yredelemnul.
   366 | D        | Found a glowing silver altar of Zin.
   377 | D        | Found a glowing golden altar of the Shining One.
   379 | D        | Became a worshipper of Sif Muna the Loreminder
   434 | D        | Noticed a shadow
   434 | D        | Noticed a centaur
   434 | D        | Noticed a yak
   434 | D        | Noticed a yak
   437 | D        | Reached skill level 9 in Unarmed Combat
   441 | D        | Killed a yak
   442 | D        | Reached skill level 10 in Unarmed Combat
   442 | D        | Reached skill level 5 in Spellcasting
   442 | D        | Reached XP level 6. HP: 44/44 MP: 7/13
   446 | D        | Killed a yak
   446 | D        | Reached * piety under Sif Muna
   447 | D        | Reached skill level 12 in Unarmed Combat
   447 | D        | Reached XP level 7. HP: 37/49 MP: 7/15
   457 | D        | Killed a shadow
   458 | D        | Reached skill level 13 in Unarmed Combat
   459 | D        | Reached ** piety under Sif Muna
   643 | D        | Noticed a troll
   643 | D        | Noticed a manticore
   643 | D        | Noticed a two-headed ogre
   643 | D        | Noticed a death knight
   643 | D        | Noticed a centaur warrior
   643 | D        | Noticed a troll
   649 | D        | Killed a troll
   650 | D        | Reached XP level 8. HP: 37/57 MP: 12/17
   655 | D        | Killed a centaur warrior
   656 | D        | Reached skill level 15 in Unarmed Combat
   656 | D        | Reached skill level 10 in Transmutations
   656 | D        | Reached skill level 1 in Poison Magic
   687 | D        | Killed by mirror damage

Illustrated notes

Levels and vault maps discovered:
D:        linesprint [early_d, line_temple, items_1, d_10, items_2, lair_1,
          lair_end, items_3, orc_1, orc_end, items_4, d_15, swamp_1, shoals_1,
          snake_1, spider_1, d_20, vaults_1, items_5, swamp_end, shoals_end,
          snake_end, spider_end, vaults_end, d_27, items_6, zot_1, zot_end,
          crypt_end, forest_end, elf_end, slime_end, tomb_end, abyss_end,
          pan_hell_end]

Skill      XL: |  1  2  3  4  5  6  7  8 |
---------------+-------------------------+-----
Dodging        | 3 4 5 6 7 8 |  8.8
Unarmed Combat | 4 7 8 10 12 13 15 | 15.0
Transmutations | 3 5 7 8 9 10 | 10.6
Spellcasting   | 3 4 5 6 7 |  7.4
Fighting       | 2 |  2.7
Poison Magic   | 1 |  1.2

Action                   |  1- 3 |  4- 6 |  7- 9 || total
-------------------------+-------+-------+-------++-------
Melee: Unarmed           |    18 |    17 |    26 ||    61
       Headbutt          |     3 |       |       ||     3
 Cast: Beastly Appendage |     2 |       |       ||     2
       Wereblood         |       |     1 |     2 ||     3
       Spider Form       |       |     1 |     1 ||     2
       Ice Form          |       |       |     2 ||     2
Evoke: Wand              |       |       |     1 ||     1
  Use: Potion            |     1 |       |     4 ||     5
       Scroll            |       |       |     1 ||     1
Armor: Robe              |     6 |       |     1 ||     7
       Skin              |       |       |     1 ||     1
Dodge: Dodged            |     9 |     7 |    26 ||    42

Table legend: (Time is in decaauts)
 A = Elapsed time spent in this place.
 B = Non-inter-level travel time spent in this place.
 C = Inter-level travel time spent in this place.
 D = Time resting spent in this place.
 E = Time spent auto-exploring this place.
 F = Levels seen in this place.
 G = Mean time per level.
                   A        B        C        D        E       F      G
               +--------+--------+--------+--------+--------+-----+--------+
         Total |    683 |    683 |      0 |    457 |      0 |   1 |  683.0 |
       Dungeon |    683 |    683 |      0 |    457 |      0 |   1 |  683.0 |
               +--------+--------+--------+--------+--------+-----+--------+

Top non-repeatable levels by time:
       D: 683 daAuts
